 Dungeon Sprint DCSS version 0.27-a0-1548-gf8a67e7463 (webtiles) character file.

Game seed: 6058455315124460935

6633 mhtbhm the Severer (level 10, 0/154 HPs)
             Began as a Minotaur Fighter on July 13, 2021.
             Was the Champion of Fedhas.
             Succumbed to a spriggan defender's poison
             ... in the Dungeon (Sprint VII: "The Pits").
             The game lasted 00:03:01 (1786 turns).

mhtbhm the Severer (Minotaur Fighter)               Turns: 1786, Time: 00:03:02

Health: 0/154      AC: 20    Str: 25    XL:     10   Next: 72%
Magic:  9/9        EV: 10    Int:  8    God:    Fedhas [******]
Gold:   0          SH: 14    Dex:  9    Spells: 9/9 levels left

rFire    . . .     SeeInvis .   a - +2 war axe (vorpal)
rCold    . . .     Faith    .   c - +0 kite shield
rNeg     . . .     Spirit   .   b - +4 chain mail
rPois    .         Reflect  .   (helmet restricted)
rElec    .         Harm     .   (no cloak)
rCorr    .         Rampage  .   (no gloves)
Will     .....     NoTele   +   (no boots)
Stlth    ..........             (no amulet)
HPRegen  0.35/turn              n - +3 ring of protection
MPRegen  0.11/turn              o - +3 ring of intelligence

@: berserking, lethally poisoned (0 -> -46), very quick
A: horns 2, retaliatory headbutt
a: Renounce Religion, Wall of Briars, Grow Ballistomycete, Overgrow, Grow Oklob


You were in the Dungeon.
You worshipped Fedhas.
Fedhas was exalted by your worship.
You visited 1 branch

Inventory:

Hand Weapons
 a - a +2 vorpal war axe (weapon)
Armour
 b - a +4 chain mail (worn)
 c - a +0 kite shield (worn)
Jewellery
 n - a +3 ring of protection (left hand)
 o - a +3 ring of intelligence (right hand)
Scrolls
 j - a scroll of blinking
 l - 5 scrolls of amnesia
 m - a scroll of summoning
Potions
 d - a potion of might
 e - a potion of curing
 f - 11 potions of heal wounds
 g - 2 potions of haste
 h - 4 potions of magic
 i - 2 potions of berserk rage
 k - 2 potions of invisibility
 p - a potion of brilliance
 q - 2 potions of mutation


   Skills:
 + Level 14.1 Fighting
 + Level 16.3 Axes
 + Level 14.3 Armour
 + Level 4.6 Dodging
 + Level 1.1 Stealth
 + Level 15.1 Shields


You had 9 spell levels left.
You didn't know any spells.
Your spell library was empty.

Dungeon Overview and Level Annotations

Branches:
Dungeon (1/1)

Altars:
Ashenzari
Cheibriados
Dithmenos
Elyvilon
Fedhas
Gozag
Hepliaklqana
Kikubaaqudgha
Makhleb
Nemelex Xobeh
Okawaru
Qazlal
Ru
Sif Muna
Trog
Uskayaw
Vehumet
Wu Jian
Xom
Yredelemnul
Zin
The Shining One
Beogh
Jiyva
Lugonu


Innate Abilities, Weirdness & Mutations

You have a pair of horns on your head.
You reflexively headbutt those who attack you in melee.


Message History

You feel sick.
You block the spriggan defender's attack.
Unknown command.
The spriggan defender blocks your attack.
Your headbutt misses the spriggan defender.
The spriggan defender is severely wounded.
You feel sick.
The spriggan defender hits you with a +6 demon whip of venom!!
* * * LOW HITPOINT WARNING * * *
You are lethally poisoned!
You miss the spriggan defender.
The spriggan defender is severely wounded.
* * * LOW HITPOINT WARNING * * *
You feel extremely sick.
Unknown command.
The spriggan defender blocks your attack.
The spriggan defender is severely wounded.
* * * LOW HITPOINT WARNING * * *
You feel very sick.
The spriggan defender hits you with a +6 demon whip of venom!
* * * LOW HITPOINT WARNING * * *
You are more poisoned.
The spriggan defender blocks your attack.
The spriggan defender is severely wounded.
* * * LOW HITPOINT WARNING * * *
You feel very sick.
You block the spriggan defender's attack.
Unknown command.
You closely miss the spriggan defender.
Your headbutt misses the spriggan defender.
The spriggan defender is severely wounded.
* * * LOW HITPOINT WARNING * * *
You feel very sick.
Unknown command.
Unknown command.
You slice the spriggan defender!!
You kill the spriggan defender!
Fedhas appreciates your contribution to the ecosystem.
You die...
Fedhas appreciates your contribution to the ecosystem.

...##..#..##...##..+
...##..#..#.....#..#
#####..'..'.....+..+ +
#####..#..#.....#..# .#
.[[##..#..##...##..+ ..#
.[.##..##..##÷##÷.# ...#
.))##...##.+...÷[##.o...
.))##....###...###oZ.#
.))##......#...'@)Fo#
#####################


You could see a cane toad, 3 orcs and a ball python zombie.

Vanquished Creatures
  A spriggan defender (D)
  A boulder beetle (D)
  A sea snake (D)
  A manticore (D)
  A komodo dragon (D)
  5 blink frogs (D)
  A snapping turtle (D)
  A spriggan (D)
  2 tarantellas (D)
  10 yaks (D)
  A steam dragon (D)
  A warg (D)
  An acid dragon (D)
  A sky beast (D)
  A black bear (D)
  9 wolves (D)
  A phantom (D)
  5 wights (D)
  3 orc priests (D)
  A quasit (D)
  A hound (D)
  An iguana (D)
  2 orc wizards (D)
  A mummy (D)
  2 orcs (D)
  A bat (D)
  An endoplasm (D)
  A giant cockroach (D)
  2 hobgoblins (D)
  2 jackals (D)
  3 quokkas (D)
  A goblin (D)
  A kobold (D)
67 creatures vanquished.

Notes
Turn   | Place    | Note
-------+----------+-------------------------------------------
     0 | D        | mhtbhm the Minotaur Fighter began the quest for the Orb.
     0 | D        | Reached XP level 1. HP: 19/19 MP: 0/0
    20 | D        | Found a bloodstained altar of Trog.
    20 | D        | Found a shimmering blue altar of Sif Muna.
    20 | D        | Found a viscous altar of Jiyva.
    20 | D        | Found a hazy altar of Hepliaklqana.
    20 | D        | Found an opulent altar of Gozag.
    21 | D        | Found a glowing golden altar of the Shining One.
    21 | D        | Found a glowing silver altar of Zin.
    21 | D        | Found a basalt altar of Yredelemnul.
    21 | D        | Found a shimmering altar of Xom.
    21 | D        | Found an ornate altar of the Wu Jian Council.
    21 | D        | Found a sacrificial altar of Ru.
    21 | D        | Found a stormy altar of Qazlal.
    21 | D        | Found an iron altar of Okawaru.
    21 | D        | Found a sparkling altar of Nemelex Xobeh.
    21 | D        | Found a burning altar of Makhleb.
    21 | D        | Found a blossoming altar of Fedhas.
    21 | D        | Found a white marble altar of Elyvilon.
    21 | D        | Found a shadowy altar of Dithmenos.
    21 | D        | Found a snail-covered altar of Cheibriados.
    23 | D        | Found a radiant altar of Vehumet.
    23 | D        | Found a corrupted altar of Lugonu.
    24 | D        | Found a hide-covered altar of Uskayaw.
    24 | D        | Found an ancient bone altar of Kikubaaqudgha.
    24 | D        | Found a broken altar of Ashenzari.
    29 | D        | Became a worshipper of Fedhas Madash
    85 | D        | Reached * piety under Fedhas
    93 | D        | Noticed a wolf
    96 | D        | Reached XP level 2. HP: 26/28 MP: 1/1
    96 | D        | Reached ** piety under Fedhas
    97 | D        | Killed a wolf
    98 | D        | Reached skill level 4 in Axes
    98 | D        | Reached XP level 3. HP: 30/38 MP: 2/2
    98 | D        | Reached XP level 4. HP: 35/45 MP: 3/3
   190 | D        | Noticed a warg
   193 | D        | Noticed a black bear
   197 | D        | Reached *** piety under Fedhas
   198 | D        | Reached skill level 5 in Axes
   198 | D        | Reached XP level 5. HP: 45/52 MP: 4/4
   199 | D        | Killed a warg
   202 | D        | Noticed a sky beast
   203 | D        | Reached XP level 6. HP: 37/62 MP: 5/5
   207 | D        | Reached **** piety under Fedhas
   208 | D        | Reached skill level 6 in Axes
   210 | D        | Reached skill level 1 in Dodging
   221 | D        | Reached skill level 7 in Axes
   230 | D        | Reached ***** piety under Fedhas
   232 | D        | Reached skill level 10 in Armour
   234 | D        | Reached skill level 10 in Fighting
   234 | D        | Reached skill level 10 in Shields
   234 | D        | Reached XP level 7. HP: 38/72 MP: 6/6
   246 | D        | Reached skill level 8 in Axes
   488 | D        | Noticed a spriggan
   498 | D        | Killed a spriggan
   499 | D        | Reached skill level 9 in Axes
   517 | D        | Reached ****** piety under Fedhas
   635 | D        | Noticed a blink frog
   635 | D        | Noticed a blink frog
   635 | D        | Noticed a blink frog
   635 | D        | Noticed a blink frog
   635 | D        | Noticed a blink frog
   639 | D        | Killed a blink frog
   640 | D        | Reached skill level 10 in Axes
   640 | D        | Reached XP level 8. HP: 82/82 MP: 7/7
   657 | D        | Killed a blink frog
   658 | D        | Reached skill level 11 in Axes
   659 | D        | Killed a blink frog
   660 | D        | Killed a blink frog
   661 | D        | Reached skill level 12 in Axes
   661 | D        | Reached XP level 9. HP: 64/90 MP: 8/8
   825 | D        | Reached skill level 13 in Axes
   848 | D        | Reached skill level 14 in Axes
   853 | D        | Noticed a boulder beetle
  1214 | D        | Killed a boulder beetle
  1215 | D        | Reached XP level 10. HP: 83/101 MP: 9/9
  1309 | D        | Noticed a manticore
  1318 | D        | Killed a manticore
  1319 | D        | Reached skill level 15 in Axes
  1500 | D        | Noticed a sea snake
  1512 | D        | Killed a sea snake
  1513 | D        | Reached skill level 16 in Axes
  1513 | D        | Reached skill level 1 in Stealth
  1513 | D        | Reached skill level 15 in Shields
  1771 | D        | Noticed a spriggan defender
  1772 | D        | Noticed a cane toad
  1785 | D        | HP: 4/154 [poisoned by a spriggan defender]
  1786 | D        | Killed a spriggan defender
  1786 | D        | Succumbed to a spriggan defender's poison

Illustrated notes

Levels and vault maps discovered:
D:        pitsprint [storerooms_1, entrance_room_1, metal_vault_6, armoury_1,
          mini_pit_1, grid_room_1, main_hall_1, silver_pit, the_coven_3,
          the_vestibule_1, steel_vault_1, golden_pit, hallway_of_sentries,
          crystal_vault_4, iron_vault_2, final_vault]

Skill      XL: |  1  2  3  4  5  6  7  8  9 10 |
---------------+-------------------------------+-----
Fighting       | 4 6 7 8 10 11 13 14 | 14.1
Armour         | 4 6 7 8 10 11 12 13 14 | 14.3
Shields        | 4 6 7 8 10 11 12 14 15 | 15.1
Axes           | 4 5 7 10 12 14 16 | 16.3
Dodging        | 1 2 3 4 |  4.6
Stealth        | 1 |  1.1

Action                   |  1- 3 |  4- 6 |  7- 9 | 10-12 || total
-------------------------+-------+-------+-------+-------++-------
Melee: Hand axe          |    16 |    33 |    86 |       ||   135
       Headbutt          |     1 |     5 |    20 |     5 ||    31
       War axe           |     1 |       |    51 |    55 ||   107
  Use: Potion            |       |     5 |     1 |     3 ||     9
Armor: Scale mail        |     7 |       |       |       ||     7
       Chain mail        |       |    38 |    47 |    18 ||   103
Dodge: Dodged            |     4 |    19 |    37 |    15 ||    75
Block: Kite shield       |    12 |    23 |    86 |    31 ||   152

Table legend: (Time is in decaauts)
 A = Elapsed time spent in this place.
 B = Non-inter-level travel time spent in this place.
 C = Inter-level travel time spent in this place.
 D = Time resting spent in this place.
 E = Time spent auto-exploring this place.
 F = Levels seen in this place.
 G = Mean time per level.
                   A        B        C        D        E       F      G
               +--------+--------+--------+--------+--------+-----+--------+
         Total |   1762 |   1762 |      0 |   1031 |    152 |   1 | 1762.0 |
       Dungeon |   1762 |   1762 |      0 |   1031 |    152 |   1 | 1762.0 |
               +--------+--------+--------+--------+--------+-----+--------+

Top non-repeatable levels by time:
       D: 1762 daAuts
